 Dungeon Crawl Stone Soup version 0.20.1-1-g8b1a95d66d (webtiles) character file.

305 Popi the Covered (level 6, 0/48 HPs)
             Began as a Human Fighter on Dec 18, 2017.
             Was an Initiate of Trog.
             Slain by an ogre
             ... wielding a +0 giant club
              (7 damage)
             ... on level 4 of the Dungeon.
             The game lasted 00:08:51 (3573 turns).

Popi the Covered (Human Fighter)                    Turns: 3573, Time: 00:08:51

Health: 0/48       AC: 16    Str: 19    XL:     6   Next: 66%
Magic:  6/6        EV:  9    Int:  8    God:    Trog [......]
Gold:   176        SH:  0    Dex: 12    Spells: 5/5 levels left

rFire    . . .     SeeInvis .   r - -2 mace (curse)
rCold    . . .     Gourm    .   (no shield)
rNeg     + . .     Faith    .   x - +0 pearl dragon scales
rPois    .         Spirit   .   (no helmet)
rElec    .         Reflect  .   s - +0 cloak
rCorr    .         Harm     .   n - +0 pair of gloves
MR       .....                  t - +0 pair of boots
Stlth    ..........             h - amulet of regeneration
Regen    0.6/turn               (no ring)
MPRegen  0.1/turn               (no ring)

@: no status effects
A: no striking features
a: Burn Spellbooks, Renounce Religion


You were on level 4 of the Dungeon.
You worshipped Trog.
Trog was noncommittal.
You were very hungry.

You visited 1 branch of the dungeon, and saw 4 of its levels.

You collected 176 gold pieces.

Inventory:

Hand Weapons
 a - a +0 long sword
 r - a cursed -2 mace (weapon)
 v - the +8 hand crossbow of Mivaet {elec, Int+4, unknown}
   (You found it on level 4 of the Dungeon)

   It charges the ammunition it shoots with electricity; occasionally upon a
   hit, such missiles may discharge and cause terrible harm.
   It affects your intelligence (+4).
Armour
 c - a +0 shield
 n - a +0 pair of gloves (worn)
 s - a +0 cloak (worn)
 t - a +0 pair of boots (worn)
 x - +0 pearl dragon scales (worn)
Magical Staves
 o - an uncursed staff of cold {unknown}
Jewellery
 h - an amulet of regeneration (around neck)
Scrolls
 e - 6 scrolls of identify
 f - 2 scrolls of magic mapping
Potions
 d - 2 potions of might
 g - a potion of resistance
 i - 2 potions of curing
 p - a potion of ambrosia {unknown}
 q - a potion of flight {unknown}
 u - a potion of heal wounds
Books
 w - a book of Maledictions

   Spells                             Type                      Level
   a - Corona                         Hexes                        1
   b - Ensorcelled Hibernation        Hexes/Ice                    2
   c - Confuse                        Hexes                        3
   d - Tukima's Dance                 Hexes                        3
   e - Dazzling Spray                 Conjuration/Hexes            3
   Trog disapproves of the use of such an item.
Comestibles
 j - a meat ration
 k - 4 fruits
 l - 2 bread rations
 m - 3 royal jellies


   Skills:
 - Level 4.0 Fighting
 - Level 3.3 Long Blades
 - Level 1.1 Maces & Flails
 + Level 5.5 Armour
 - Level 3.0 Shields


You had 5 spell levels left.
You didn't know any spells.

Dungeon Overview and Level Annotations

Branches:
Dungeon (4/15)
 Temple: D:4-7

Altars:
Trog


Message History

The ogre hits you but does no damage.
You hit the ogre but do no damage.
The ogre is moderately wounded.
You are feeling very hungry.
The ogre closely misses you.
The phantom blinks!
You hit the ogre.
The ogre is moderately wounded.
The ogre hits you but does no damage.
You hit the ogre.
The ogre is moderately wounded.
The ogre hits you with a giant club!
You hit the ogre but do no damage.
The ogre is moderately wounded.
The ogre hits you with a giant club!
You hit the ogre but do no damage.
The ogre is moderately wounded.
The ogre hits you with a giant club!!
* * * LOW HITPOINT WARNING * * *
The phantom blinks!
The ogre hits you with a giant club!
You die...

##...÷#.#####.....######## #..
####.......#####........######..
#.##....### #...(....#.......
####+##......###........#.......
#.......(.....##........#.......
#.............##†.......#.......
#........####...#...###.#.......
#........# ###.###.# #.).....
#........# #@# .# #.......
##........# #O# .# #.......
).........# #§###.# #.......
§.........# ####...(.###
#....... §§.).######
#..........# #....^.. §§...#
#.....<....# #.....## §§...#
#..........# #.###(.. ######
#.....W....+ #.######
#).........# #.#....#


You could see a phantom and an ogre.

Vanquished Creatures
  A bullfrog (D:4)
  2 hounds (D:4)
  Crazy Yiuf (D:2)
  An iguana (D:4)
  A worker ant (D:4)
  2 adders (D:3)
  A worm (D:3)
  2 dart slugs
  3 leopard geckos
  3 orcs (D:3)
  A ball python (D:1)
  9 bats
  5 giant cockroaches
  13 goblins
  6 hobgoblins
  6 jackals (D:3)
  8 kobolds
  A quokka (D:3)
  6 frilled lizards
  6 rats
78 creatures vanquished.

Notes
Turn   | Place    | Note
-------+----------+-------------------------------------------
     0 | D:1      | Popi the Human Fighter began the quest for the Orb.
     0 | D:1      | Reached XP level 1. HP: 18/18 MP: 1/1
   141 | D:1      | Reached XP level 2. HP: 24/24 MP: 2/2
   251 | D:1      | Reached XP level 3. HP: 29/29 MP: 3/3
  1046 | D:2      | Found a runed door.
  1465 | D:2      | Noticed Crazy Yiuf
  1474 | D:2      | Killed Crazy Yiuf
  1474 | D:2      | Reached XP level 4. HP: 13/37 MP: 4/4
  1897 | D:3      | Found a faded altar of an unknown god.
  2078 | D:3      | Reached skill level 1 in Maces & Flails
  2078 | D:3      | Reached XP level 5. HP: 35/42 MP: 5/5
  2527 | D:3      | Found a bloodstained altar of Trog.
  2544 | D:3      | Became a worshipper of Trog the Wrathful
  3222 | D:4      | Got a jewelled hand crossbow
  3237 | D:4      | Reached skill level 4 in Armour
  3463 | D:4      | Reached XP level 6. HP: 36/48 MP: 6/6
  3509 | D:4      | Reached skill level 5 in Armour
  3514 | D:4      | Noticed a phantom
  3551 | D:4      | Noticed an ogre
  3573 | D:4      | Slain by an ogre

Skill      XL: |  1  2  3  4  5  6 |
---------------+-------------------+-----
Fighting       | 4 |  4.0
Long Blades    | 3 |  3.3
Maces & Flails | 1 |  1.1
Armour         | 4 5 |  5.5
Shields        | |  3.0

Action                   |  1- 3 |  4- 6 || total
-------------------------+-------+-------++-------
Melee: Long sword        |   107 |       ||   107
       Mace              |       |   285 ||   285
  Use: Potion            |     1 |     2 ||     3
       Scroll            |       |     9 ||     9
  Eat: Bread ration      |     1 |       ||     1
       Chunk             |       |     4 ||     4
Armor: Scale mail        |    59 |   171 ||   230
       Pearl dragon scal |       |    32 ||    32
Dodge: Dodged            |    63 |   199 ||   262
       Rpst.: Long sword |    21 |       ||    21
